 Dungeon Crawl Stone Soup version 0.18-a0-1206-g2bec475 (console) character file.

3863 sorlin the Basher (level 9, -2/75 HPs)
             Began as a Yellow Draconian Gladiator on Feb 2, 2016.
             Was a Believer of the Shining One.
             Killed by divine providence
             ... invoked by an orc priest
              (15 damage)
             ... on level 7 of the Dungeon.
             The game lasted 00:27:54 (10678 turns).

sorlin the Basher (Yellow Draconian Gladiator)     Turns: 10678, Time: 00:27:54

Health: -2/75      AC:  9    Str: 19    XL:     9   Next: 99%
Magic:  0/3        EV: 15    Int:  9    God:    the Shining One [**....]
Gold:   230        SH:  6    Dex: 15    Spells: 1 memorised, 7 levels left

rFire  . . .     SeeInvis .     a - +2 flail (antimagic)
rCold  . . .     Gourm    .     (armour unavailable)
rNeg   + + .     Faith    .     (no shield)
rPois  .         Spirit   .     b - +0 hat
rElec  .         Dismiss  .     r - +1 cloak
rCorr  +         Reflect  .     (no gloves)
SustAt .         Harm     .     (no boots)
MR     +....     Clarity  +     (no amulet)
Stlth  +.........               m - ring of protection from magic
                                f - ring of positive energy

@: divine shield, very slightly contaminated, hasted, glowing, very quick,
somewhat resistant to hostile enchantments, very unstealthy
A: spit acid, acid resistance, unfitting armour, stinger 1, clarity, strong 1,
cold-blooded, AC +7
a: Spit Acid, Divine Shield, Renounce Religion


You were on level 7 of the Dungeon.
You worshipped the Shining One.
The Shining One was pleased with you.
You were not hungry.

You visited 2 branches of the dungeon, and saw 8 of its levels.

You collected 470 gold pieces.
You spent 240 gold pieces at shops.

Inventory:

Hand Weapons
 a - a +2 antimagic flail (weapon)
Missiles
 g - 112 stones (quivered)
 v - 18 sling bullets
Armour
 b - a +0 hat (worn)
 r - a +1 cloak (worn)
Jewellery
 f - a ring of positive energy (left hand)
 m - a ring of protection from magic (right hand)
Scrolls
 e - a scroll of enchant armour
 h - 3 scrolls of teleportation
 l - a scroll of remove curse
 o - 3 scrolls of blinking {unknown}
 t - a scroll of immolation {unknown}
 u - a scroll of magic mapping {unknown}
 w - a scroll of random uselessness {unknown}
Potions
 i - a potion of resistance
 q - a potion of cancellation {unknown}
 s - 2 potions of flight
Books
 p - a book of Air

   Spells                             Type                      Level
   a - Shock                          Conjuration/Air              1
   b - Swiftness                      Charms/Air                   2
   c - Repel Missiles                 Charms/Air                   2
   d - Static Discharge               Conjuration/Air              3
   e - Lightning Bolt                 Conjuration/Air              5
Comestibles
 c - 4 meat rations
 d - 9 bread rations
 j - 7 chunks of flesh


   Skills:
 - Level 6.1 Fighting
 * Level 11.9 Maces & Flails
 - Level 1.7 Throwing
 + Level 5.5 Dodging
 + Level 3.8 Invocations


You had 7 spell levels left.
You knew the following spells:

 Your Spells              Type           Power        Failure   Level  Hunger
a - Shock                 Conj/Air       #...         38%         1    ##.....


Dungeon Overview and Level Annotations

Branches:
Dungeon (7/15)             Temple (1/1) D:4

Altars:
Ashenzari
Cheibriados
Dithmenos
Elyvilon
Fedhas
Gozag
Kikubaaqudgha
Makhleb
Nemelex Xobeh
Okawaru
Pakellas
Qazlal
Ru
Sif Muna
Trog
Vehumet
Xom
Yredelemnul
Zin
The Shining One

Shops:
D:7 !

Annotations:
D:5 2 runed doors


Innate Abilities, Weirdness & Mutations

You can spit globs of acid.
You are resistant to acid.
Your golden yellow scales are hard (AC +7).
Your body does not fit into most forms of armour.
You are cold-blooded and may be slowed by cold attacks.
Your tail ends in a poisonous barb.
You possess an exceptional clarity of mind.
Your muscles are strong. (Str +2)


Message History

The orc warrior is severely wounded.
The orc warrior closely misses you.
Drink which item? (? for menu, Esc to quit)
You feel yourself speed up. The orc warrior misses you.
The orc priest looks braver for a moment.
You are very lightly contaminated with residual magic.
You hit the orc warrior.
The orc warrior is severely wounded.
You block the orc warrior's attack.
You hit the orc warrior.
The orc warrior is almost dead.
The orc priest invokes the aid of Beogh against you.
Something smites you!
* * * LOW HITPOINT WARNING * * *
You sock the orc warrior!
You kill the orc warrior!
The warg stops to sniff the ground.
The orc priest calls down the wrath of Beogh upon you.
Something smites you!
You die...

####(#.#....)##...#
#....#.###†##...(
#))###.#..h.#...#
#(J###.#.#..#.#.##
#(.#.....#..#....#
#..#######..###.h#
#...........#.#.o#
###...........#<...##
...(.#############).#
####.#
#....@oh(#######.
#....#
#.######.........
#....# #.# #..######)
#....# ###'#### #....
#..#.# #......#
#...## #..#.#
#......# #.#.# #..#.#
#......# #....
#..#.#####......#
###...
#..#.....#......# #..
#..#####.#......#


You could see a warg and an orc priest.

Vanquished Creatures
  The ghost of lipayy the Insei, a novice DsMo (D:5)
  A two-headed ogre (D:5)
  Prince Ribbit (D:6)
  Menkaure (D:6)
  6 wargs
  2 ice beasts
  5 orc warriors
  The ghost of Grap the Skirmisher, an amateur DsCK of Xom (D:4)
  2 phantoms (D:5)
  2 ogres
  A centaur (D:5)
  2 giant frogs (D:6)
  2 scorpions
  A centaur zombie (D:5)
  A crimson imp (D:7)
  A wasp zombie (D:6)
  A jelly (D:5)
  2 orc priests
  5 hounds
  3 giant frog skeletons
  4 orc wizards
  Jessica (D:2)
  2 iguanas
  4 worker ants
  2 hound zombies
  A hound skeleton (D:4)
  8 adders
  3 gnolls (D:2)
  3 shadow imps
  An ooze (D:3)
  An adder zombie (D:7)
  2 adder skeletons
  3 giant geckos
  20 orcs
  A ball python (D:1)
  10 bats
  3 giant cockroaches
  7 goblins
  6 hobgoblins
  11 jackals
  A quokka (D:4)
  A giant cockroach zombie (D:6)
  A giant gecko skeleton (D:4)
  6 giant newts
  11 kobolds
  A quokka skeleton (D:4)
  A quokka zombie (D:5)
  11 rats
167 creatures vanquished.

Notes
Turn   | Place    | Note
--------------------------------------------------------------
     0 | D:1      | sorlin the Draconian Gladiator began the quest for the Orb.
     0 | D:1      | Reached XP level 1. HP: 17/17 MP: 1/1
   301 | D:1      | Reached XP level 2. HP: 19/24 MP: 2/2
   910 | D:1      | Reached skill level 4 in Maces & Flails
  1259 | D:2      | Reached XP level 3. HP: 25/29 MP: 3/3
  1421 | D:2      | Learned a level 1 spell: Shock
  1784 | D:2      | Noticed Jessica
  1802 | D:2      | Killed Jessica
  1802 | D:2      | Reached skill level 5 in Maces & Flails
  1802 | D:2      | Reached XP level 4. HP: 36/36 MP: 1/4
  3623 | D:3      | Found a white marble altar of Elyvilon.
  3674 | D:3      | Reached XP level 5. HP: 27/41 MP: 1/5
  3786 | D:3      | Became a worshipper of Elyvilon the Healer
  3817 | D:3      | Reached skill level 6 in Maces & Flails
  4114 | D:4      | Found a staircase to the Ecumenical Temple.
  4138 | Temple   | Entered the Ecumenical Temple
  4236 | Temple   | Fell from the grace of Elyvilon
  4236 | Temple   | Became a worshipper of the Shining One
  4265 | D:4      | Found an opulent altar of Gozag.
  4269 | D:4      | Found a bloodstained altar of Trog.
  4270 | D:4      | Found a shattered altar of Ashenzari.
  4270 | D:4      | Found a snail-covered altar of Cheibriados.
  4272 | D:4      | Found a deep blue altar of Sif Muna.
  4275 | D:4      | Found a sparkling altar of Nemelex Xobeh.
  4343 | D:4      | Noticed Grap's ghost (amateur DsCK)
  4842 | D:4      | Gained mutation: You possess an exceptional clarity of mind. [potion of mutation]
  4842 | D:4      | Gained mutation: Your tail ends in a poisonous barb. [potion of mutation]
  4842 | D:4      | Gained mutation: Your muscles are strong. (Str +2) [potion of mutation]
  4939 | D:4      | Killed Grap's ghost
  4939 | D:4      | Reached XP level 6. HP: 26/51 MP: 2/6
  5364 | D:5      | Entered Level 5 of the Dungeon
  5390 | D:5      | Reached skill level 7 in Maces & Flails
  5458 | D:5      | Reached XP level 7. HP: 53/59 MP: 2/7
  5458 | D:5      | Your scales start taking on a golden yellow colour.
  5500 | D:5      | Found a shimmering altar of Xom.
  5728 | D:5      | Noticed lipayy's ghost (novice DsMo)
  5759 | D:5      | Killed lipayy's ghost
  5759 | D:5      | Reached * piety under the Shining One
  5759 | D:5      | Reached skill level 5 in Fighting
  5759 | D:5      | Reached skill level 8 in Maces & Flails
  6090 | D:5      | Reached XP level 8. HP: 68/68 MP: 2/8
  6103 | D:5      | Found a large runed door.
  6117 | D:5      | Found a large runed door.
  6117 | D:5      | Found a large runed door.
  6168 | D:5      | Found a large runed door.
  6195 | D:5      | Reached skill level 9 in Maces & Flails
  7034 | D:5      | Noticed a two-headed ogre
  7088 | D:5      | Killed a two-headed ogre
  7088 | D:5      | Reached skill level 10 in Maces & Flails
  7834 | D:6      | Reached XP level 9. HP: 72/75 MP: 3/9
  7845 | D:6      | Noticed Prince Ribbit
  7880 | D:6      | Killed Prince Ribbit
  7994 | D:6      | Noticed Menkaure
  8113 | D:6      | Killed Menkaure
  8113 | D:6      | Reached ** piety under the Shining One
  8665 | D:6      | Reached skill level 11 in Maces & Flails
  8886 | D:7      | Reached skill level 1 in Invocations
  9704 | D:7      | Found Cuokhy's Distillery.
  9711 | D:7      | Bought a potion of poison for 15 gold pieces
  9711 | D:7      | Bought a potion of heal wounds for 75 gold pieces
  9711 | D:7      | Bought a potion of haste for 150 gold pieces
  9917 | D:7      | Reached skill level 5 in Dodging
 10678 | D:7      | Killed from afar by an orc priest

Vault maps used:
D:1:      lightli_arrival_boilingwater
D:2:      first_bread, uniq_jessica
D:3:      old_standard_altar
D:4:      minitemple, minmay_temple_entry_statues_pillars, minivault_26
D:5:      kennysheep_little_box, hangedman_decor_lopped,
          minmay_hollow_rounded_squares
D:6:      uniq_menkaure, uniq_prince_ribbit1
D:7:      lemuel_castle_with_subvaults, serial_shops, nicolae_shop_waterfront,
          serial_corexii_hall, corexii_hall_statues_i, corexii_hall_statues_u
Temple:   circular_temple_pool_12

Action                   |  1- 3 |  4- 6 |  7- 9 || total
-------------------------+-------+-------+-------++-------
Melee: Flail             |    84 |       |    94 ||   178
       Whip              |    31 |   226 |   448 ||   705
Throw: Throwing net      |     5 |     3 |       ||     8
Invok: Divine Shield     |       |       |     6 ||     6
 Abil: Spit Acid         |       |       |     8 ||     8
  Use: Potion            |     1 |     3 |     7 ||    11
       Scroll            |       |     5 |     4 ||     9
 Stab: Held in net/web   |     2 |       |       ||     2
       Sleeping          |     2 |       |       ||     2
  Eat: Chunk             |     3 |     8 |    11 ||    22
       Pizza             |       |     1 |     2 ||     3
       Beef jerky        |       |     1 |       ||     1
       Bread ration      |       |       |     1 ||     1
       Fruit             |       |       |     1 ||     1
